 Dungeon Crawl Stone Soup version 0.29.1-2-gbd0b4ee654 (webtiles) character file.

Game seed: 15086276711970994721

28 GorkyZ the Trooper (level 2, -1/24 HPs)
             Began as a Demonspawn Fighter on Nov 23, 2022.
             Succumbed to an adder's poison
             ... on level 2 of the Dungeon.
             The game lasted 00:02:45 (1745 turns).

GorkyZ the Trooper (Demonspawn Fighter)             Turns: 1745, Time: 00:02:45

Health: -1/24      AC:  6    Str: 16    XL:     2   Next: 96%
Magic:  2/2        EV:  9    Int:  9    God:
Gold:   38         SH:  4    Dex: 12    Spells: 1/1 levels left

rFire   . . .      SeeInvis .   k - +0 hand axe
rCold   . . .      Faith    .   c - +0 buckler
rNeg    . . .      Spirit   .   b - +0 scale mail
rPois   .          Reflect  .   (helmet restricted)
rElec   .          Harm     .   (no cloak)
rCorr   .          Rampage  .   (no gloves)
Will    .....                   (no boots)
Stlth   ..........              (no amulet)
HPRegen 0.08/turn               (no ring)
MPRegen 0.08/turn               (no ring)

@: lethally poisoned (-1 -> -8)
A: antennae 1
a: no special abilities


You were on level 2 of the Dungeon.
You visited 1 branch of the dungeon, and saw 2 of its levels.

You collected 38 gold pieces.

Inventory:

Hand Weapons
 a - a +0 war axe
 k - a +0 hand axe (weapon)
Armour
 b - a +0 scale mail (worn)
 c - a +0 buckler (worn)
Scrolls
 f - 2 scrolls of immolation {unknown}
 i - a scroll of teleportation {unknown}
 j - a scroll of fear {unknown}
 l - a scroll of amnesia {unknown}
 n - a scroll of enchant weapon {unknown}
 p - a scroll of identify {unknown}
 q - a scroll of vulnerability {unknown}
Potions
 d - a potion of might
 e - a potion of attraction {unknown}
 g - a potion of berserk rage {unknown}
 h - 5 potions of curing {unknown}
 m - a potion of cancellation {unknown}
 o - a potion of heal wounds {unknown}


   Skills:
 + Level 3.1 Fighting
 + Level 2.0 Axes
 + Level 0.6 Throwing
 + Level 2.8 Armour
 + Level 0.4 Dodging
 + Level 2.9 Shields
 + Level 0.6 Evocations


You had one spell level left.
You didn't know any spells.
Your spell library was empty.

Dungeon Overview and Level Annotations

Branches:
Dungeon (2/15)

Altars:


Innate Abilities, Weirdness & Mutations

You have a pair of small antennae on your head.


Message History

You see here a ball python corpse.
An adder comes into view.
The adder hisses angrily.
An adder comes into view.
Found a scroll labelled LUSIPR ZOMU and a bubbling puce potion.
The adder hisses angrily.
The adder barely misses you. The adder closely misses you.
You closely miss the adder.
The adder bites you but does no damage. x2
You closely miss the adder. You barely miss the adder.
You block the adder's attack. The adder bites you but does no damage.
The adder barely misses you. The adder bites you.
You are poisoned.
The adder poisons you!
You miss the adder. You barely miss the adder.
You feel sick. The adder bites you.
You are more poisoned.
The adder poisons you! The adder completely misses you.
You hit the adder but do no damage. You hit the adder.
You feel very sick. The adder barely misses you.
The adder bites you but does no damage. You block the adder's attack.
The adder bites you.
You are lethally poisoned!
The adder poisons you!
You barely miss the adder.
The adder is lightly wounded.
You hit the adder.
You feel very sick. The adder bites you.
* * * LOW HITPOINT WARNING * * *
You block the adder's attack. The adder bites you.
* * * LOW HITPOINT WARNING * * *
* * * LOW HITPOINT WARNING * * *
You feel very sick.
You barely miss the adder.
The adder is lightly wounded.
* * * LOW HITPOINT WARNING * * *
You feel sick.
The adder bites you but does no damage. x2
You closely miss the adder.
The adder is lightly wounded.
You die...

.#.# .#.####
...#... .......
.?....# .....
#######..#
##....@SS.#
##...####.[# #
##.###.# .....
#.###.##
#.###.#### #
.##.....# ..# !#
. ........##
#..# .#
.#####.†.###.#.#
# ####..#...##.#
.........###.#
#.#


You could see 2 adders.

Vanquished Creatures
  A worm (D:2)
  2 endoplasms
  2 goblins (D:1)
  2 hobgoblins (D:2)
  3 jackals (D:1)
  A ball python (D:2)
  4 bats (D:1)
  2 frilled lizards (D:2)
  4 kobolds
  4 rats
25 creatures vanquished.

Notes
Turn   | Place    | Note
-------+----------+-------------------------------------------
     0 | D:1      | GorkyZ the Demonspawn Fighter began the quest for the Orb.
     0 | D:1      | Reached XP level 1. HP: 18/18 MP: 1/1
    29 | D:1      | Found a faded altar of an unknown god.
   405 | D:1      | Gained mutation: You have a pair of small antennae on your
                  | head. [demonic ancestry]
   405 | D:1      | Reached XP level 2. HP: 24/24 MP: 2/2
  1744 | D:2      | HP: 1/24 [poisoned by an adder]
  1745 | D:2      | Succumbed to an adder's poison

Illustrated notes

Levels and vault maps discovered:
D:1:      dpeg_arrival_rhombus, layout_loops_corners,
          nicolae_ecumenical_lake_church, minmay_misc_feat_room
D:2:      layout_loops_ring

Skill      XL: |  1  2 |
---------------+-------+-----
Axes           | 2 |  2.0
Fighting       | |  3.1
Throwing       | |  0.6
Armour         | |  2.8
Dodging        | |  0.4
Shields        | |  2.9
Evocations     | |  0.6

Action                   || total
-------------------------++-------
Melee: War axe           ||    37
       Hand axe          ||    52
Armor: Scale mail        ||    45
Dodge: Dodged            ||    30
Block: Buckler           ||    18
